 Dungeon Crawl Stone Soup version 0.28-a0-1117-g0bdd5ba030 (webtiles) character file.

Game seed: 986126924891643093

494 SensoryNuts the Slasher (level 6, -1/53 HPs)
             Began as a Draconian Fighter on Dec 11, 2021.
             Was a High Priest of Ignis.
             Slain by a two-headed ogre (25 damage)
             ... on level 4 of the Dungeon.
             The game lasted 00:06:14 (4247 turns).

SensoryNuts the Slasher (Draconian Fighter)         Turns: 4247, Time: 00:06:15

Health: -1/53      AC: 14    Str: 20    XL:     6   Next: 92%
Magic:  6/6        EV: 13    Int:  9    God:    Ignis [*****.]
Gold:   147        SH:  4    Dex: 10    Spells: 5/5 levels left

rFire   + . .      SeeInvis .   a - +0 long sword
rCold   . . .      Faith    .   b - +0 buckler
rNeg    . . .      Spirit   .   (armour unavailable)
rPois   +          Reflect  .   (helmet restricted)
rElec   .          Harm     .   l - +0 cloak
rCorr   .          Rampage  .   (no gloves)
Will    .....                   (no boots)
Stlth   ++........              (no amulet)
HPRegen 0.17/turn               g - ring of poison resistance
MPRegen 0.10/turn               (no ring)

@: mighty, fiery-armoured
A: AC +6, unfitting armour, cold-blooded
a: Renounce Religion, Fiery Armour, Foxfire Swarm


You were on level 4 of the Dungeon.
You worshipped Ignis.
Ignis was extremely pleased with you.
You visited 1 branch of the dungeon, and saw 4 of its levels.

You collected 147 gold pieces.

Inventory:

Hand Weapons
 a - a +0 long sword (weapon)
Missiles
 q - 2 throwing nets (quivered)
Armour
 b - a +0 buckler (worn)
 l - a +0 cloak (worn)
Jewellery
 g - a ring of poison resistance (left hand)
Wands
 k - a wand of digging (8)
Scrolls
 d - 2 scrolls of blinking {unknown}
 f - a scroll of silence {unknown}
 i - a scroll of amnesia {unknown}
 m - a scroll of enchant armour {unknown}
 n - a scroll of magic mapping {unknown}
 r - a scroll of identify {unknown}
Potions
 e - 3 potions of attraction {unknown}
 h - a potion of haste {unknown}
 j - 2 potions of flight {unknown}
 o - a potion of curing {unknown}
 p - a potion of heal wounds {unknown}


   Skills:
 + Level 4.5 Fighting
 + Level 4.7 Long Blades
 + Level 4.1 Dodging
 + Level 1.5 Stealth
 + Level 4.2 Shields


You had 5 spell levels left.
You didn't know any spells.
Your spell library was empty.

Dungeon Overview and Level Annotations

Branches:
Dungeon (4/15)
 Temple: D:4-7

Altars:
Xom
Ignis


Innate Abilities, Weirdness & Mutations

Your plain brown scales are hard. (AC +6)
You cannot fit into any form of body armour.
You are cold-blooded and may be slowed by cold attacks.


Message History

The hound is burned by your cloak of flames.
You kill the hound!
The adder skeleton bites you but does no damage.
The adder skeleton is burned by your cloak of flames.
The adder skeleton is moderately damaged.
Found a phantom mirror.
The two-headed ogre shouts in stereo!
You see here a +0 scale mail.
Things that are here:
a giant cockroach corpse; a hobgoblin corpse You feel very mighty all of a sudden.
You block the phantom's attack.
You slash the phantom!
Your tail-slap misses the phantom.
The phantom is heavily damaged.
The phantom misses you.
You closely miss the phantom.
The phantom is heavily damaged.
The ball python closely misses you. You block the ball python's attack.
The phantom misses you.
The ball python bites you but does no damage.
The ball python is burned by your cloak of flames.
You kill the ball python!
The phantom completely misses you.
There is an open door here.
You barely miss the phantom.
The phantom is moderately damaged.
The phantom hits you but does no damage.
The phantom is burned by your cloak of flames.
The phantom is severely damaged.
You completely miss the phantom.
The phantom is severely damaged.
The phantom barely misses you.
You slash the phantom!
The phantom is almost destroyed.
The phantom completely misses you.
The phantom hits you but does no damage.
The phantom is burned by your cloak of flames.
You destroy the phantom!
The two-headed ogre hits you with a +0 giant club!!
You die...

#.# #.# #.# #.# ######### #.#
#.......# ## #.# ###### #.#####.#
#. #.###....######## #.......# #.
................#######.####.###.
....#.#.##.#..#.@g†...#..........
...##.#.##......#O#n#.#......####
#.###.#..#......#oZ...#####..#
#.# #.####.#..#.#[#.#.# #..# #.#
#.# #......#.....# #.## #+# #.#
###########'## #.# #.. #..
.Z#n..)######.# #
#..#?..#.##.#......# ## ##
#.?.'g##.##.#.### ##.


You could see a two-headed ogre, a necrophage, an orc, a hobgoblin and an adder
skeleton.

Vanquished Creatures
  An ogre (D:4)
  A phantom (D:4)
  A howler monkey (D:4)
  2 hounds (D:4)
  2 jellies (D:3)
  An orc wizard (D:4)
  3 gnolls (D:2)
  3 adders
  An ufetubus (D:4)
  A worm (D:2)
  3 dart slugs
  2 orcs (D:4)
  2 endoplasms
  7 giant cockroaches
  3 goblins
  2 hobgoblins
  2 iguanas
  8 jackals (D:4)
  4 quokkas
  9 ball pythons
  5 bats
  3 frilled lizards
  2 kobolds
  6 rats
74 creatures vanquished.

Vanquished Creatures (others)
  10 plants (D:2)
10 creatures vanquished.

Grand Total: 84 creatures vanquished

Notes
Turn   | Place    | Note
-------+----------+-------------------------------------------
     0 | D:1      | SensoryNuts the Draconian Fighter began the quest for the
                  | Orb.
     0 | D:1      | Reached XP level 1. HP: 19/19 MP: 1/1
   113 | D:1      | Found a faded altar of an unknown god.
   117 | D:1      | Prayed at the altar of an unknown god.
   117 | D:1      | Became a worshipper of Ignis, the Dying Flame
   373 | D:1      | Reached XP level 2. HP: 21/26 MP: 2/2
   784 | D:2      | Reached XP level 3. HP: 24/33 MP: 3/3
  1391 | D:2      | Reached XP level 4. HP: 31/40 MP: 4/4
  2458 | D:3      | Reached XP level 5. HP: 15/46 MP: 5/5
  2662 | D:3      | Found a shimmering altar of Xom.
  3131 | D:4      | Reached skill level 1 in Stealth
  3431 | D:4      | Noticed an ogre
  3439 | D:4      | Killed an ogre
  3440 | D:4      | Reached XP level 6. HP: 38/52 MP: 6/6
  4107 | D:4      | Noticed a two-headed ogre
  4247 | D:4      | Slain by a two-headed ogre

Illustrated notes

Levels and vault maps discovered:
D:1:      nicolae_arrival_washed_ashore, layout_rooms,
          shapermc_ecumenical_altar_mp_vishouse,
          nicolae_concentric_dashed_squares_mild, st_stairs_5
D:2:      layout_loops_ring, serial_bayou_ford_a, minmay_door_square,
          kennysheep_generic_room_4
D:3:      layout_loops_ring, dk_xom_monty_hall
D:4:      minmay_clustersquares, layout_loops_corners

Skill      XL: |  1  2  3  4  5  6 |
---------------+-------------------+-----
Dodging        | 3 4 |  4.1
Fighting       | 4 |  4.5
Long Blades    | 3 4 |  4.7
Stealth        | 1 |  1.5
Shields        | 4 |  4.2

Action                   |  1- 3 |  4- 6 || total
-------------------------+-------+-------++-------
Melee: Long sword        |    74 |   200 ||   274
       Tailslap          |     9 |    21 ||    30
Invok: Rising Flame      |       |     1 ||     1
       Fiery Armour      |       |     1 ||     1
  Use: Potion            |       |     1 ||     1
 Stab: Sleeping          |       |     3 ||     3
Armor: Skin              |    13 |    93 ||   106
Dodge: Dodged            |    46 |   153 ||   199
Block: Buckler           |    14 |    50 ||    64

Table legend: (Time is in decaauts)
 A = Elapsed time spent in this place.
 B = Non-inter-level travel time spent in this place.
 C = Inter-level travel time spent in this place.
 D = Time resting spent in this place.
 E = Time spent auto-exploring this place.
 F = Levels seen in this place.
 G = Mean time per level.
                   A        B        C        D        E       F      G
               +--------+--------+--------+--------+--------+-----+--------+
         Total |   4325 |   4325 |      0 |      0 |   3303 |   4 | 1081.2 |
       Dungeon |   4325 |   4325 |      0 |      0 |   3303 |   4 | 1081.2 |
               +--------+--------+--------+--------+--------+-----+--------+

Top non-repeatable levels by time:
     D:2: 1247 daAuts
     D:4: 1190 daAuts
     D:3: 1111 daAuts
     D:1: 776 daAuts
